 Dungeon Crawl Stone Soup version 0.29-a0-823-gc37b1572da (webtiles) character file.

Game seed: 10093059086275193559

80 IdlyInterested the Cudgeller (level 4, -1/35 HPs)
             Began as a Demonspawn Fighter on July 8, 2022.
             Slain by a gnoll
             ... wielding a +0 halberd
              (5 damage)
             ... on level 2 of the Dungeon.
             The game lasted 00:03:08 (1175 turns).

IdlyInterested the Cudgeller (Demonspawn Fighter)   Turns: 1175, Time: 00:03:09

Health: -1/35      AC:  6    Str: 16    XL:     4   Next: 18%
Magic:  4/4        EV:  9    Int: 10    God:
Gold:   65         SH:  5    Dex: 14    Spells: 3/3 levels left

rFire   . . .      SeeInvis .   a - +0 flail
rCold   . . .      Faith    .   c - +0 buckler
rNeg    . . .      Spirit   .   b - +0 scale mail
rPois   .          Reflect  .   (no helmet)
rElec   .          Harm     .   (no cloak)
rCorr   .          Rampage  .   (no gloves)
Will    .....                   (no boots)
Stlth   ..........              (no amulet)
HPRegen 0.11/turn               (no ring)
MPRegen 0.09/turn               (no ring)

@: no status effects
A: foul stench 2
a: no special abilities


You were on level 2 of the Dungeon.
You visited 1 branch of the dungeon, and saw 4 of its levels.

You collected 65 gold pieces.

Inventory:

Hand Weapons
 a - a +0 flail (weapon)
Armour
 b - a +0 scale mail (worn)
 c - a +0 buckler (worn)
 h - a +0 leather armour
 j - a +0 ring mail
Scrolls
 e - a scroll of amnesia
Potions
 d - 2 potions of might
 f - 3 potions of lignification
 g - a potion of curing
 i - a potion of ambrosia {unknown}
 k - a potion of brilliance {unknown}


   Skills:
 - Level 3.0 Fighting
 + Level 3.1 Maces & Flails
 - Level 3.0 Armour
 + Level 1.6 Dodging
 - Level 3.0 Shields


You had 3 spell levels left.
You didn't know any spells.
Your spell library was empty.

Dungeon Overview and Level Annotations

Branches:
Dungeon (4/15)
 Temple: D:4-7

Altars:

Shops:
D:1 :


Innate Abilities, Weirdness & Mutations

You sometimes emit foul miasma when damaged in melee.


Message History

Your Maces & Flails skill increases to level 3!
You have reached level 4!
You feel clever.
You hit the gnoll but do no damage. You block the gnoll's attack.
You sock the gnoll!
The gnoll is heavily wounded.
The gnoll completely misses you. The gnoll hits you with a +0 club.
You hit the gnoll.
The gnoll is severely wounded.
You block the gnoll's attack.
You hit the gnoll but do no damage.
The gnoll is severely wounded.
The gnoll hits you with a +0 club.
You emit a cloud of foul miasma!
You barely miss the gnoll.
The gnoll is severely wounded.
The gnoll is engulfed in dark miasma.
The gnoll is poisoned.
You kill the gnoll!
You start resting.
A worm comes into view.
A hobgoblin, a gnoll and a rat come into view.
The hobgoblin shouts!
A worm comes into view.
Things that are here:
a +0 spear; a gnoll corpse An endoplasm comes into view.
The endoplasm quivers.
An adder comes into view.
Things that are here:
a +0 club; a gnoll corpse The adder hisses angrily.
You barely miss the rat. The rat barely misses you.
The gnoll hits you from afar with a +0 halberd.
The gnoll hits you from afar with a +0 halberd!
* * * LOW HITPOINT WARNING * * *
The rat bites you but does no damage.
You hit the rat.
You kill the rat!
The adder closely misses you.
The gnoll hits you from afar with a +0 halberd.
You die...

#.......##..#
##......##..#
...)#...#...#
...)w...#.#.#
..###..w....#
....#......##
##........##########
.........#........#
...#......J.###†@..#
......###...##gS####
.........†#.g.J##
##..###......### ##.
#........#
#.###.#..#...#
####.#...#..#####
.......÷....######
###.....###.#....#


You could see a gnoll, an adder, an endoplasm and a hobgoblin.

Vanquished Creatures
  3 adders
  2 gnolls (D:2)
  A worm (D:2)
  A bat (D:1)
  4 endoplasms
  A giant cockroach (D:1)
  5 goblins
  3 hobgoblins (D:1)
  A quokka (D:1)
  5 ball pythons
  4 frilled lizards
  3 rats
33 creatures vanquished.

Notes
Turn   | Place    | Note
-------+----------+-------------------------------------------
     0 | D:1      | IdlyInterested the Demonspawn Fighter began the quest for
                  | the Orb.
     0 | D:1      | Reached XP level 1. HP: 18/18 MP: 1/1
    37 | D:1      | Found a faded altar of an unknown god.
   112 | D:1      | Gained mutation: You may rarely emit foul miasma when
                  | damaged in melee. [demonic ancestry]
   112 | D:1      | Reached XP level 2. HP: 24/24 MP: 2/2
   395 | D:1      | Found Igamezai's Book Shoppe.
   768 | D:2      | You fall into a shaft and drop 2 floors!
   822 | D:3      | Gained mutation: You sometimes emit foul miasma when
                  | damaged in melee. [demonic ancestry]
   822 | D:3      | Reached XP level 3. HP: 28/29 MP: 3/3
   857 | D:2      | Reached skill level 1 in Dodging
  1124 | D:2      | Reached XP level 4. HP: 19/35 MP: 4/4
  1175 | D:2      | Slain by a gnoll

Illustrated notes

Levels and vault maps discovered:
D:1:      dpeg_arrival_rooms_with_view, layout_rooms,
          ebering_ecumenical_altar_rust, serial_shops, nicolae_diamond_shop
D:2:      layout_rooms
D:3:      layout_loops_ring, overflow_temple_1_default,
          chequers_temple_overflow_statue_of_worship
D:4:      due_chaos_kobolds, layout_basic, minmay_temple_entry_glassed_door

Skill      XL: |  1  2  3 |
---------------+----------+-----
Maces & Flails | 2 3 |  3.1
Shields        | 3 |  3.0
Armour         | 3 |  3.0
Dodging        | 1 |  1.6
Fighting       | |  3.0

Action                   |  1- 3 |  4- 6 || total
-------------------------+-------+-------++-------
Melee: Flail             |    92 |     7 ||    99
  Use: Scroll            |     5 |       ||     5
Armor: Scale mail        |    28 |     1 ||    29
       Ring mail         |     7 |       ||     7
Dodge: Dodged            |    40 |     3 ||    43
Block: Buckler           |    22 |     2 ||    24

Table legend: (Time is in decaauts)
 A = Elapsed time spent in this place.
 B = Non-inter-level travel time spent in this place.
 C = Inter-level travel time spent in this place.
 D = Time resting spent in this place.
 E = Time spent auto-exploring this place.
 F = Levels seen in this place.
 G = Mean time per level.
                   A        B        C        D        E       F      G
               +--------+--------+--------+--------+--------+-----+--------+
         Total |   1204 |   1204 |      0 |    306 |    553 |   4 |  301.0 |
       Dungeon |   1204 |   1204 |      0 |    306 |    553 |   4 |  301.0 |
               +--------+--------+--------+--------+--------+-----+--------+

Top non-repeatable levels by time:
     D:1: 783 daAuts
     D:2: 339 daAuts
     D:3: 77 daAuts
     D:4: 3 daAuts
